 Dungeon Crawl Stone Soup version 0.23-a0-141-g456867d (webtiles) character file.

3051 Amnesiac the Quickloader (level 9, 0/59 HPs)
             Began as a Mummy Arcane Marksman on Aug 31, 2018.
             Was a Priest of Okawaru.
             Slain by a yak (10 damage)
             ... on level 8 of the Dungeon.
             The game lasted 00:12:12 (7409 turns).

Amnesiac the Quickloader (Mummy Arcane Marksman)    Turns: 7409, Time: 00:12:13

Health: 0/59       AC: 10    Str: 13    XL:     9   Next: 57%
Magic:  11/11      EV: 11    Int: 16    God:    Okawaru [***...]
Gold:   422        SH:  0    Dex: 15    Spells: 4/11 levels left

rFire    x . .     SeeInvis .   b - +0 dagger (venom)
rCold    + . .     Gourm    .   (no shield)
rNeg     + + +     Faith    .   e - +0 ring mail
rPois    ∞         Spirit   .   (no helmet)
rElec    .         Reflect  .   (no cloak)
rCorr    .         Harm     .   s - +1 pair of gloves
MR       ++...                  r - +2 pair of boots {Fly}
Stlth    +.........             (no amulet)
HPRegen  0.19/turn              g - +3 ring of dexterity
MPRegen  0.12/turn              y - ring of protection from magic

@: flying
A: no food or potions, fire vulnerability, cold resistance 1, negative energy
resistance 3, torment resistance, unbreathing
a: Heroism, Renounce Religion, Stop Flying


You were on level 8 of the Dungeon.
You worshipped Okawaru.
Okawaru was most pleased with you.
You were not hungry.

You visited 2 branches of the dungeon, and saw 9 of its levels.

You collected 422 gold pieces.

Inventory:

Hand Weapons
 a - a +0 hand crossbow
 b - a +0 dagger of venom (weapon)
 o - a +0 hunting sling
 t - a +0 quarterstaff
 w - a +2 hand axe of chopping
Missiles
 d - 2 bolts
 h - 36 sling bullets
 i - 185 stones (quivered)
Armour
 e - a +0 ring mail (worn)
 k - a +0 chain mail
 r - a +2 pair of boots of flying (worn)
 s - a +1 pair of gloves (worn)
Jewellery
 g - a +3 ring of dexterity (left hand)
 y - a ring of protection from magic (right hand)
Wands
 n - a wand of random effects (24)
 q - a wand of digging (11)
Scrolls
 c - a scroll of fear {!r}
 f - 3 scrolls of identify {!r}
 j - 2 scrolls of enchant armour {!r}
 l - 4 scrolls of remove curse {!r}
 m - 3 scrolls of enchant weapon {!r}
 p - 3 scrolls of blinking {!r}
 u - 3 scrolls of teleportation {!r}
 v - 2 scrolls of amnesia {!r}
 x - a scroll of magic mapping {!r}


   Skills:
 - Level 1.0 Fighting
 * Level 9.6 Crossbows
 - Level 1.5 Dodging
 - Level 1.5 Spellcasting
 + Level 7.1 Hexes


You had 4 spell levels left.
You knew the following spells:

 Your Spells              Type           Power        Failure   Level  Hunger
a - Corona                Hex            ###....      2%          1    N/A
b - Cause Fear            Hex            ###.......   26%         4    N/A
e - Slow                  Hex            ###.....     3%          2    N/A

Your spell library contained the following spells:

 Spells                   Type           Power        Failure   Level  Hunger
 Inner Flame              Hex/Fire       ##......     32%         3    N/A
 Portal Projectile        Hex/Tloc       ##....       32%         3    N/A
 Poisonous Vapours        Pois/Air       #.....       58%         2    N/A
 Leda's Liquefaction      Hex/Erth       ##........   73%         4    N/A
 Conjure Flame            Conj/Fire      #.......     82%         3    N/A
 Mephitic Cloud           Conj/Pois/Air  #.......     82%         3    N/A
 Freezing Cloud           Conj/Ice/Air   #.........   100%        6    N/A
 Ring of Flames           Chrm/Fire      #.........   100%        7    N/A

Dungeon Overview and Level Annotations

Branches:
Dungeon (8/15)             Temple (1/1) D:4            Lair (0/6) D:8

Altars:
Ashenzari
Cheibriados
Dithmenos
Elyvilon
Fedhas
Gozag
Hepliaklqana
Kikubaaqudgha
Makhleb
Nemelex Xobeh
Okawaru
Qazlal
Ru
Sif Muna
Trog
Uskayaw
Vehumet
Wu Jian
Xom
Yredelemnul
Zin
The Shining One


Innate Abilities, Weirdness & Mutations

You do not eat or drink.
Your flesh is vulnerable to fire.
You are immune to poison.
Your flesh is cold resistant. (rC+)
You are immune to negative energy. (rN+++)
You are immune to unholy pain and torment.
You can survive without breathing.


Message History

The orc is severely wounded.
The orc barely misses you.
You hit the orc.
You kill the orc!
Okawaru accepts your kill.
No target in view!
You see here a hand axe.
Items here: ))) [ ††
There is a stone staircase leading down here.
You start resting.
HP restored.
You fly downwards.
The orc warrior hits you with a battleaxe.
The warg bites you. The warg barely misses you.
The orc warrior hits you with a battleaxe!!
* * * LOW HITPOINT WARNING * * *
The orc priest invokes the aid of Beogh against you.
Beogh smites you!
* * * LOW HITPOINT WARNING * * *
There is a stone staircase leading up here.
You see here a tomahawk.
The warg barely misses you.
You fly upwards.
There is a stone staircase leading down here.
Really read
u - 4 scrolls of teleportation {!r}?
As you read the scroll of teleportation {!r}, it crumbles to dust.
You feel strangely unstable. The orc warrior closely misses you.
The warg bites you but does no damage. The warg bites you!
* * * LOW HITPOINT WARNING * * *
Your surroundings suddenly seem different.
There is a stone staircase leading down here.
You start resting.
The orc warrior is too close now for your liking.
The orc warrior shouts!
You fly downwards.
The yak bellows! x3
The yak closely misses you. The yak gores you!
* * * LOW HITPOINT WARNING * * *
There is a stone staircase leading up here.
The yak gores you.
* * * LOW HITPOINT WARNING * * *
Found 16 gold pieces.
The yak bellows!
The yak gores you but does no damage.
Evoke which item? (* to show all) (? for menu, Esc to quit)
Okay, then.
The orc wizard shouts!
The orc shouts! x2; You hear a shout! x2
Evoke which item? (* to show all) (? for menu, Esc to quit)
Aiming: Dig
Press: ? - help, Shift-Dir - straight line A rock wall.
The rock shatters into small pieces.
The orc wizard shouts!
The warg howls!
The orc wizard shouts!
The orc shouts!
The yak barely misses you.
The orc wizard mumbles some strange words.
The orc wizard flickers and vanishes!
The yak gores you.
* * * LOW HITPOINT WARNING * * *
Found a staircase to the Lair.
You hit the yak.
The yak is lightly wounded.
The yak gores you!
You die...

..#..... ....{.....
....oo....oo#######
#.o..o>...oOo[<...(
#.....ooo.o#######.
#.......P.
###.#..P....
##..O#.......
##...Y@# #....Y#Y#
#........#
#......Y#..
##.....###..
##.....## #...
#.......# #.#
#.......# .#
#.......# .#


You could see a two-headed ogre, 4 yaks, 2 orc wizards and 4 orcs.

Vanquished Creatures
  A hippogriff (D:6)
  A wyvern (D:8)
  2 yaks
  2 hungry ghosts (D:5)
  Menkaure (D:5)
  An ice beast (D:5)
  A necrophage (D:6)
  2 ogres
  3 centaurs
  4 bullfrogs
  A wyvern zombie (D:7)
  A scorpion (D:4)
  A howler monkey (D:5)
  2 crimson imps
  A quasit (D:6)
  2 hounds
  3 bullfrog zombies
  An orc priest (D:8)
  A centaur skeleton (D:3)
  2 jellies (D:6)
  6 orc wizards
  An iguana (D:4)
  5 worker ants
  A hound zombie (D:7)
  3 hound skeletons
  5 gnolls
  16 adders
  A shadow imp (D:5)
  2 oozes
  An adder zombie (D:5)
  An adder skeleton (D:7)
  A worm (D:2)
  5 dart slugs
  5 leopard geckos
  13 orcs
  A ball python (D:7)
  7 giant cockroaches
  8 goblins
  15 hobgoblins
  4 jackals (D:3)
  6 kobolds
  5 quokkas
  10 bats
  6 frilled lizards
  2 jackal skeletons
  A leopard gecko zombie (D:5)
  A quokka skeleton (D:7)
  A quokka zombie (D:6)
  7 rats
173 creatures vanquished.

Notes
Turn   | Place    | Note
-------+----------+-------------------------------------------
     0 | D:1      | Amnesiac the Mummy Arcane Marksman began the quest for the
                  | Orb.
     0 | D:1      | Reached XP level 1. HP: 15/15 MP: 2/2
    13 | D:1      | Reached skill level 2 in Crossbows
    71 | D:1      | Reached XP level 2. HP: 21/21 MP: 4/4
    84 | D:1      | Learned a level 2 spell: Slow
   301 | D:1      | Reached XP level 3. HP: 26/26 MP: 5/5
   349 | D:1      | Reached skill level 3 in Crossbows
   916 | D:2      | Reached XP level 4. HP: 32/32 MP: 4/6
  1414 | D:3      | Reached skill level 4 in Crossbows
  1675 | D:3      | Reached XP level 5. HP: 37/37 MP: 7/7
  1835 | D:3      | Found a faded altar of an unknown god.
  2773 | D:3      | Learned a level 4 spell: Cause Fear
  3036 | D:3      | Reached skill level 5 in Crossbows
  3169 | D:4      | Found a staircase to the Ecumenical Temple.
  3208 | D:4      | Reached XP level 6. HP: 43/43 MP: 6/8
  3210 | Temple   | Entered the Ecumenical Temple
  3473 | Temple   | Became a worshipper of Warmaster Okawaru
  4119 | D:5      | Entered Level 5 of the Dungeon
  4168 | D:5      | Found a sparkling altar of Nemelex Xobeh.
  4191 | D:5      | Noticed a hungry ghost
  4204 | D:5      | Reached XP level 7. HP: 31/48 MP: 9/9
  4264 | D:5      | Killed a hungry ghost
  4264 | D:5      | Reached * piety under Okawaru
  4264 | D:5      | Reached skill level 6 in Crossbows
  4400 | D:5      | Noticed Menkaure
  4413 | D:5      | Killed Menkaure
  4758 | D:5      | Reached skill level 7 in Crossbows
  4758 | D:5      | Reached XP level 8. HP: 54/54 MP: 8/10
  4851 | D:5      | Reached skill level 5 in Hexes
  4870 | D:5      | Reached ** piety under Okawaru
  5253 | D:6      | Found a shadowy altar of Dithmenos.
  5760 | D:6      | Noticed a hippogriff
  5772 | D:6      | Killed a hippogriff
  5772 | D:6      | Reached skill level 8 in Crossbows
  6040 | D:6      | Reached XP level 9. HP: 55/59 MP: 8/11
  6247 | D:6      | Reached *** piety under Okawaru
  6458 | D:7      | Reached skill level 9 in Crossbows
  7225 | D:8      | Noticed a two-headed ogre
  7408 | D:8      | Found a staircase to the Lair.
  7409 | D:8      | Slain by a yak

Vault maps used:
D:1:      shiori_arrival_maze
D:3:      chequers_ecumenical_altar_simple
D:4:      minmay_temple_entry_mist, first_ration
D:5:      nemelex_altar_shiori, uniq_menkaure
D:6:      nicolae_dithmenos_shadow_blocks
D:8:      erik_lair_orcish_takeover, hex_large
Temple:   roderic_octagonal_lattice_temple

Skill      XL: |  1  2  3  4  5  6  7  8  9 |
---------------+----------------------------+-----
Crossbows      | 2 3 4 5 7 8 9 |  9.6
Hexes          | 3 4 6 7 |  7.1
Fighting       | |  1.0
Dodging        | |  1.5
Spellcasting   | |  1.5

Action                   |  1- 3 |  4- 6 |  7- 9 || total
-------------------------+-------+-------+-------++-------
Melee: Hand axe          |       |   122 |    51 ||   173
       Dagger            |       |    75 |   111 ||   186
       Quarterstaff      |       |       |   137 ||   137
 Fire: Hand crossbow     |    61 |    19 |   121 ||   201
       Hunting sling     |    41 |    75 |       ||   116
Throw: Stone             |       |       |     8 ||     8
 Cast: Corona            |     7 |    40 |    41 ||    88
       Slow              |       |     5 |    43 ||    48
Invok: Heroism           |       |       |     3 ||     3
Evoke: Wand              |       |       |     1 ||     1
  Use: Scroll            |       |     5 |     5 ||    10
Armor: Ring mail         |    21 |   100 |   207 ||   328
Dodge: Dodged            |    26 |   153 |   251 ||   430

Table legend:
 A = Non-vault XP
 B = Vault XP
 C = Vault XP percentage of total XP
 D = Non-vault monster count
 E = Vault monster count
 F = Vault count percentage of total count
                 A         B        C        D         E       F
            +---------+---------+-------+---------+---------+-------
      Total |    4148 |     211 |   4.8 |     168 |       5 |   2.9
            +---------+---------+-------+---------+---------+-------
        D:1 |      76 |       4 |   5.0 |      29 |       2 |   6.5
        D:2 |      66 |       0 |   0.0 |      17 |       0 |   0.0
        D:3 |     231 |       0 |   0.0 |      38 |       0 |   0.0
        D:4 |     293 |       0 |   0.0 |      21 |       0 |   0.0
        D:5 |     907 |     169 |  15.7 |      18 |       1 |   5.3
        D:6 |    1204 |       0 |   0.0 |      20 |       0 |   0.0
        D:7 |     749 |      38 |   4.8 |      16 |       2 |  11.1
        D:8 |     622 |       0 |   0.0 |       9 |       0 |   0.0
            +---------+---------+-------+---------+---------+-------
